 Dungeon Crawl Stone Soup version 0.30-b1-2-g02819fbbbe (webtiles) character file.

Game seed: 12335900062095502940

197 maniek23 the Vexing (level 5, -1/41 HPs)
             Began as a Gnoll Hexslinger on July 26, 2023.
             Was a Believer of Fedhas.
             Slain by an orc
             ... wielding a +0 hand axe
              (7 damage)
             ... on level 4 of the Dungeon.
             The game lasted 00:14:15 (3259 turns).

maniek23 the Vexing (Gnoll Hexslinger)              Turns: 3259, Time: 00:14:15

Health: -1/41      AC:  4    Str: 15    XL:     5   Next: 75%
Magic:  9/9        EV: 13    Int: 13    God:    Fedhas [**....]
Gold:   192        SH:  0    Dex: 14    Spells: 6/10 levels left

rFire   . . .        a - +1 sling
rCold   . . .        (no shield)
rNeg    . . .        g - +0 leather armour
rPois   .            v - +0 helmet
rElec   .            (no cloak)
rCorr   .            (no gloves)
SInv    .            (no boots)
Will    .....        (no amulet)
Stlth   ++           j - +6 ring of strength
HPRegen 0.26/turn    (no ring)
MPRegen 0.11/turn

%: no passive effects
@: attractive, flying
A: fangs 1, strong nose, distributed training
a: Renounce Religion, Wall of Briars


You were on level 4 of the Dungeon.
You worshipped Fedhas.
Fedhas was pleased with you.
You visited 1 branch of the dungeon, and saw 4 of its levels.

You collected 192 gold pieces.

Inventory:

Hand Weapons
 a - a +1 sling (weapon)
 b - a +0 short sword
 k - a +0 whip
 o - a +0 great sword
 r - a +0 hand axe
Armour
 c - a +0 robe
 g - a +0 leather armour (worn)
 v - a +0 helmet (worn)
Jewellery
 j - a +6 ring of strength (left hand)
Scrolls
 e - a scroll of teleportation {unknown}
 f - a scroll of fog
 h - 2 scrolls of immolation {unknown}
 i - 2 scrolls of enchant armour {unknown}
 m - 2 scrolls of poison
 n - 5 scrolls of identify {unknown}
 p - 2 scrolls of enchant weapon {unknown}
 y - a scroll of butterflies {unknown}
Potions
 d - a potion of lignification {unknown}
 l - a potion of invisibility {unknown}
 q - a potion of attraction
 s - a potion of flight
 t - a potion of mutation {unknown}
 u - a potion of ambrosia {unknown}
 w - a potion of curing {unknown}
 x - a potion of magic {unknown}
 z - a potion of might {unknown}


   Skills:
 + Level 3.1 Fighting
 + Level 1.7 Short Blades
 + Level 1.7 Long Blades
 + Level 1.7 Axes
 + Level 1.7 Maces & Flails
 + Level 1.7 Polearms
 + Level 1.7 Staves
 + Level 4.9 Ranged Weapons
 + Level 1.7 Throwing
 + Level 1.7 Armour
 + Level 4.9 Dodging
 + Level 1.7 Stealth
 + Level 1.7 Shields
 + Level 1.7 Unarmed Combat
 + Level 3.3 Spellcasting
 + Level 1.3 Conjurations
 + Level 5.6 Hexes
 + Level 1.3 Summonings
 + Level 1.3 Necromancy
 + Level 1.3 Translocations
 + Level 1.3 Transmutations
 + Level 1.3 Fire Magic
 + Level 1.3 Ice Magic
 + Level 1.3 Air Magic
 + Level 1.3 Earth Magic
 + Level 1.3 Poison Magic
 + Level 1.9 Invocations
 + Level 1.7 Evocations


You had 6 spell levels left.
You knew the following spells:

 Your Spells              Type           Power      Damage    Failure   Level
a - Slow                  Hex            64%        N/A       2%          1
b - Confusing Touch       Hex            16%        N/A       9%          3

Your spell library contained the following spells:

 Spells                   Type           Power      Damage    Failure   Level
 Kiss of Death            Conj/Necr      20%        2d7       16%         1
 Sting                    Tmut/Pois      20%        1d4       16%         1
 Inner Flame              Hex/Fire       11%        N/A       21%         3
 Portal Projectile        Hex/Tloc       22%        N/A       21%         3
 Poisonous Vapours        Pois/Air       10%        N/A       24%         2
 Cause Fear               Hex            8%         N/A       26%         4
 Call Canine Familiar     Summ           5%         N/A       43%         3
 Leda's Liquefaction      Hex/Erth       5%         N/A       54%         4
 Dispel Undead            Necr           5%         3d7       83%         4
 Olgreb's Toxic Radiance  Pois           5%         N/A       83%         4
 Malign Gateway           Summ/Tloc      2%         N/A       100%        7
 Summon Horrible Things   Summ           2%         N/A       100%        8


Dungeon Overview and Level Annotations

Branches:
Dungeon (4/15)
 Temple: D:4-7

Altars:
Fedhas
Hepliaklqana

Annotations:
D:4 Sigmund


Innate Abilities, Weirdness & Mutations

You have very sharp teeth.
Your uncanny sense of smell can sniff out nearby items.
Your experience applies equally to all skills.


Message History

You shoot a sling bullet.
The sling bullet barely misses the orc priest.
The orc barely misses you. The orc priest closely misses you.
The orc closely misses you. The orc priest barely misses you.
You shoot a sling bullet.
The sling bullet closely misses the orc priest.
The walls and floor vibrate strangely for a moment.
The orc priest closely misses you. The orc closely misses you.
You shoot a sling bullet. The sling bullet hits the orc priest.
The orc priest is severely wounded.
The orc priest invokes the aid of Beogh against you.
Pain shoots through your body! The orc hits you with a +0 hand axe!
You shoot a sling bullet. The sling bullet hits the orc priest.
The orc priest is almost dead.
The orc priest hits you with a +0 hand axe.
The orc hits you with a +0 hand axe.
You shoot a sling bullet.
The sling bullet barely misses the orc priest.
The orc barely misses you.
The orc priest hits you but does no damage.
The orc hits you with a +0 hand axe.
The orc priest invokes the aid of Beogh against you.
Pain shoots through your body!
* * * LOW HITPOINT WARNING * * *
It was a potion of flight.
You feel very buoyant.
You fly up into the air.
The orc priest begins to cast a cantrip, but forgets the words!
The orc closely misses you.
It was a potion of attraction.
You feel attractive to monsters.
The orc priest miscasts a cantrip.
The orc misses you.
The ball python is attracted toward you.
As you read the scroll labelled ZYSSES JEGUPU, it crumbles to dust.
The scroll dissolves into smoke.
It was a scroll of fog.
The orc priest mumbles some strange prayers to Beogh against you.
You barely resist. The orc hits you with a +0 hand axe!
You die...
Fedhas appreciates your contribution to the ecosystem.

o....## #..##
#####.### ##...## #
##..##
#.....###############
##..##
##...................
##..##
#...................
#...#
##.....####......###
#..## #§§§§##
######## # ###..#
#§§§## .#####....#
#§@§# ....S....##
#oo## ...<.....#
#§§§# .........#
#S.## ....####..#
#... >.### ##.......
..# #.§>... .##
...###∆ ..# ...#


You could see an orc priest and an orc.

Vanquished Creatures
  2 orc wizards
  6 adders
  A worm (D:2)
  A dart slug (D:2)
  9 orcs
  11 endoplasms
  3 giant cockroaches
  8 hobgoblins
  2 jackals (D:4)
  4 quokkas
  4 ball pythons
  5 bats
  2 frilled lizards
  7 goblins
  3 kobolds
  10 rats
78 creatures vanquished.

Vanquished Creatures (others)
  A fungus (D:1)
  A plant (D:1)
2 creatures vanquished.

Grand Total: 80 creatures vanquished

Notes
Turn   | Place    | Note
-------+----------+-------------------------------------------
     0 | D:1      | maniek23 the Gnoll Hexslinger began the quest for the Orb.
     0 | D:1      | Reached XP level 1. HP: 17/17 MP: 4/4
   124 | D:1      | Reached XP level 2. HP: 23/23 MP: 5/5
   329 | D:1      | Reached XP level 3. HP: 28/28 MP: 7/7
   637 | D:1      | Found a faded altar of an unknown god.
   649 | D:1      | Prayed at the altar of an unknown god.
   649 | D:1      | Became a worshipper of Fedhas Madash
   649 | D:1      | Reached * piety under Fedhas
   797 | D:2      | Reached skill level 1 in Invocations
   845 | D:2      | Reached skill level 1 in Short Blades
   845 | D:2      | Reached skill level 1 in Long Blades
   845 | D:2      | Reached skill level 1 in Axes
   845 | D:2      | Reached skill level 1 in Maces & Flails
   845 | D:2      | Reached skill level 1 in Polearms
   845 | D:2      | Reached skill level 1 in Staves
   845 | D:2      | Reached skill level 1 in Throwing
   845 | D:2      | Reached skill level 1 in Armour
   845 | D:2      | Reached skill level 1 in Stealth
   845 | D:2      | Reached skill level 1 in Shields
   845 | D:2      | Reached skill level 1 in Unarmed Combat
   845 | D:2      | Reached skill level 1 in Evocations
   933 | D:2      | Reached XP level 4. HP: 34/34 MP: 8/8
  1530 | D:3      | Reached ** piety under Fedhas
  1534 | D:3      | Reached skill level 1 in Conjurations
  1534 | D:3      | Reached skill level 1 in Summonings
  1534 | D:3      | Reached skill level 1 in Necromancy
  1534 | D:3      | Reached skill level 1 in Translocations
  1534 | D:3      | Reached skill level 1 in Transmutations
  1534 | D:3      | Reached skill level 1 in Fire Magic
  1534 | D:3      | Reached skill level 1 in Ice Magic
  1534 | D:3      | Reached skill level 1 in Air Magic
  1534 | D:3      | Reached skill level 1 in Earth Magic
  1534 | D:3      | Reached skill level 1 in Poison Magic
  1600 | D:3      | Learned a level 3 spell: Confusing Touch
  1686 | D:3      | Reached XP level 5. HP: 28/40 MP: 5/9
  2485 | D:3      | Found a hazy altar of Hepliaklqana.
  2713 | D:4      | Noticed Sigmund
  2967 | D:4      | HP: 1/41 [Sigmund/+0 scythe (8)]
  3259 | D:4      | Slain by an orc

Illustrated notes

Levels and vault maps discovered:
D:1:      nicolae_arrival_memento_mori, layout_basic,
          shapermc_ecumenical_altar_mp_urbaneastern
D:2:      layout_loops_ring
D:3:      layout_basic, worldfamousw_hep_ancestral_shrine, nicolae_hexahallways,
          dreamdust_princess_bridge
D:4:      layout_layer_cave, dreamdust_divine_triumvirate,
          lightli_ossuary_entry_decrepit_ruins, moated_statue, uniq_sigmund

Skill      XL: |  1  2  3  4  5 |
---------------+----------------+-----
Invocations    | 1 |  1.9
Short Blades   | 1 |  1.7
Long Blades    | 1 |  1.7
Axes           | 1 |  1.7
Maces & Flails | 1 |  1.7
Polearms       | 1 |  1.7
Staves         | 1 |  1.7
Throwing       | 1 |  1.7
Armour         | 1 |  1.7
Stealth        | 1 |  1.7
Shields        | 1 |  1.7
Unarmed Combat | 1 |  1.7
Evocations     | 1 |  1.7
Spellcasting   | 3 |  3.3
Conjurations   | 1 |  1.3
Summonings     | 1 |  1.3
Necromancy     | 1 |  1.3
Translocations | 1 |  1.3
Transmutations | 1 |  1.3
Fire Magic     | 1 |  1.3
Ice Magic      | 1 |  1.3
Air Magic      | 1 |  1.3
Earth Magic    | 1 |  1.3
Poison Magic   | 1 |  1.3
Fighting       | 3 |  3.1
Ranged Weapons | |  4.9
Dodging        | |  4.9
Hexes          | |  5.6

Action                     |  1- 3 |  4- 6 || total
---------------------------+-------+-------++-------
  Melee: Short sword       |       |    62 ||    62
         Hand axe          |       |     4 ||     4
         Bite              |       |     4 ||     4
         Punch             |       |     1 ||     1
   Fire: Sling             |   112 |   129 ||   241
   Cast: Confusing Touch   |       |     3 ||     3
         Slow              |       |     6 ||     6
    Use: Potion            |       |     2 ||     2
         Scroll            |       |     1 ||     1
 Armour: Robe              |     2 |       ||     2
         Leather armour    |     3 |    27 ||    30
  Dodge: Dodged            |    31 |    71 ||   102
